 Dungeon Crawl Stone Soup version 0.31-a0-222-gefeffbb62a (webtiles) character file.

Game seed: 3187260969332922703

108 qw the Shooter (level 4, 0/26 HPs)
             Began as a Gargoyle Hexslinger on July 4, 2023.
             Slain by an orc
             ... wielding a +2 dagger of speed
              (1 damage)
             ... on level 3 of the Dungeon.
             The game lasted 00:00:39 (1851 turns).

qw the Shooter (Gargoyle Hexslinger)                Turns: 1851, Time: 00:00:39

Health: 0/26       AC: 11    Str: 11    XL:     4   Next: 87%
Magic:  5/5        EV: 10    Int: 14    God:
Gold:   99         SH:  0    Dex: 14    Spells: 4/5 levels left

rFire   . . .        Y - +2 sling
rCold   . . .        (no shield)
rNeg    + . .        h - +0 ring mail
rPois   inf          (no helmet)
rElec   +            j - +2 cloak {rCorr}
rCorr   +            (no gloves)
SInv    .            (no boots)
Will    .....        (no amulet) Stlth
                     (no ring)
HPRegen 0.24/turn    (no ring)
MPRegen 0.09/turn

%: no passive effects
@: confused
A: sickness immunity, AC +3, negative energy resistance 1, electricity
resistance, torment resistance 1, petrification resistance
a: no special abilities


You were on level 3 of the Dungeon.
You visited 1 branch of the dungeon, and saw 3 of its levels.

You collected 99 gold pieces.


Innate Abilities, Weirdness & Mutations

You are immune to sickness and miasma.
Your stone body is resilient. (AC +3)
You are immune to poison.
You resist negative energy. (rN+)
You are resistant to electric shocks. (rElec)
You are resistant to unholy torment.
You are immune to petrification.


   Skills:
 - Level 2.0 Fighting
 + Level 4.3 Ranged Weapons
 - Level 1.2 Armour
 - Level 1.5 Dodging
 - Level 1.0 Spellcasting
 - Level 2.6 Hexes


You had 4 spell levels left.
You knew the following spells:

 Your Spells              Type           Power      Damage    Failure   Level
a - Slow                  Hex            32%        N/A       21%         1

Your spell library contained the following spells:

 Spells                   Type           Power      Damage    Failure   Level
 Inner Flame              Hex/Fire       4%         N/A       71%         3
 Portal Projectile        Hex/Tloc       8%         N/A       71%         3
 Cause Fear               Hex            4%         N/A       90%         4

Inventory:

Hand Weapons
 Y - a +2 sling (weapon)
Armour
 h - a +0 ring mail (worn)
 j - a +2 cloak of preservation (worn)
Scrolls
 a - 2 scrolls of enchant armour
Potions
 b - a potion of enlightenment {unknown}
 e - 2 potions of degeneration {unknown}
 f - a potion of lignification {unknown}
 i - a potion of attraction {unknown}

Dungeon Overview and Level Annotations

Branches:
Dungeon (3/15)

Altars:


Message History

You kill the orc!
The orc hits you but does no damage.
You shoot a sling bullet.
The sling bullet barely misses the orc wizard.
The orc wizard hits you but does no damage.
The orc barely misses you.
The orc wizard hits you but does no damage.
The orc hits you but does no damage.
You shoot a sling bullet.
The sling bullet closely misses the orc wizard.
The orc wizard points at you and mumbles some strange words.
You are confused.
The orc hits you with a +0 war axe.
The orc hits you with a +2 dagger of speed.
The orc hits you with a +2 dagger of speed.
The orc hits you with a +0 war axe.
The orc wizard gestures at you while chanting.
The magic dart hits you. The orc hits you but does no damage.
The orc barely misses you.
The orc wizard points at you and mumbles some strange words.
You are more confused.
The orc hits you but does no damage. The orc hits you but does no damage.
The orc closely misses you.
The orc wizard hits you but does no damage.
The orc barely misses you. The orc barely misses you.
The orc wizard hits you but does no damage.
The orc hits you with a +2 dagger of speed.
The orc hits you with a +2 dagger of speed.
The orc closely misses you. The orc wizard closely misses you.
The orc closely misses you.
The orc wizard hits you but does no damage.
The orc barely misses you. x2
The orc closely misses you. The orc hits you but does no damage.
The orc wizard hits you but does no damage.
The orc hits you but does no damage.
The orc wizard hits you but does no damage.
The orc hits you with a +0 war axe. The orc completely misses you.
The orc hits you with a +2 dagger of speed.
You die...

#+ ## #.
.# #. ..
#( .######
#. .......
#.#o....##
#.@o......
##)o.....#
#.......#
#.......#
#........
#........
.........
.....#+#.


You could see an orc wizard and 2 orcs.

Vanquished Creatures
  An orc priest (D:3)
  3 adders
  A dart slug (D:1)
  An orc (D:3)
  5 endoplasms
  A giant cockroach (D:1)
  3 hobgoblins
  9 jackals
  4 ball pythons (D:2)
  5 bats
  8 goblins
  5 kobolds
  3 rats
49 creatures vanquished.

Notes
Turn   | Place    | Note
-------+----------+-------------------------------------------
     0 | D:1      | qw the Gargoyle Hexslinger began the quest for the Orb.
     0 | D:1      | Reached XP level 1. HP: 12/12 MP: 2/2
     0 | D:1      | 0 ||| qw: Version: 0.3-a-46-gb1f654a
     0 | D:1      | 0 ||| qw: Game counter: 903
     0 | D:1      | 0 ||| qw: Melee chars always use a shield: true
     0 | D:1      | 0 ||| qw: God list: Okawaru
     0 | D:1      | 0 ||| qw: Allow faded altars: false
     0 | D:1      | 0 ||| qw: Do Orc after clearing Dungeon:15 true
     0 | D:1      | 0 ||| qw: Do second Lair branch before Depths: true
     0 | D:1      | 0 ||| qw: Lair rune preference: random
     0 | D:1      | 0 ||| qw: Goals: Normal
     0 | D:1      | 0 ||| PLANNING D:1-11
   193 | D:1      | Reached XP level 2. HP: 16/16 MP: 3/3
   227 | D:1      | Reached skill level 3 in Ranged Weapons
   335 | D:1      | Reached XP level 3. HP: 21/21 MP: 4/4
   739 | D:1      | 739 ||| READING 3 scrolls labelled SUWURR WOH NOCS.
   740 | D:1      | 740 ||| READING scroll labelled TEJ FUAWEGY.
   741 | D:1      | 741 ||| READING scroll labelled RAG SAGEORGHE.
   742 | D:1      | 742 ||| READING scroll labelled ZAEMATZEIQ.
   745 | D:1      | 745 ||| DROPPING scroll of poison.
  1609 | D:2      | 1609 ||| UPGRADING to +0 ring mail.
  1619 | D:2      | 1619 ||| DROPPING +0 robe.
  1620 | D:2      | 1620 ||| UPGRADING to +2 cloak of preservation.
  1625 | D:2      | 1625 ||| READING scroll labelled LESAUBAARO.
  1626 | D:2      | 1626 ||| READING scroll labelled OCOIMUSEKK.
  1627 | D:2      | 1627 ||| READING scroll labelled UFUASHR WU MEET.
  1662 | D:3      | Reached XP level 4. HP: 26/26 MP: 5/5
  1751 | D:3      | Reached skill level 1 in Armour
  1839 | D:3      | Reached skill level 4 in Ranged Weapons
  1843 | D:3      | HP: 4/26 [orc wizard/magic dart (4)]
  1850 | D:3      | HP: 1/26 [orc/+0 war axe (2)]
  1851 | D:3      | Slain by an orc

Levels and vault maps discovered:
D:1:      sevenhm_arrival_forest_fort_small_3, layout_basic,
          hangedman_decor_points, minmay_strange_pillars,
          chequers_serial_rivers_large_a
D:2:      layout_basic, grunt_ministairs_12
D:3:      layout_basic, lemuel_blue_sif_altar, hex_intersection

Skill      XL: |  1  2  3  4 |
---------------+-------------+-----
Ranged Weapons | 3 4 |  4.3
Fighting       | 2 |  2.0
Armour         | 1 |  1.2
Dodging        | |  1.5
Spellcasting   | |  1.0
Hexes          | |  2.6

Action                     |  1- 3 |  4- 6 || total
---------------------------+-------+-------++-------
   Fire: Sling             |   114 |    30 ||   144
    Use: Scroll            |     7 |       ||     7
 Armour: Robe              |    10 |       ||    10
         Ring mail         |     1 |    23 ||    24
  Dodge: Dodged            |    31 |    17 ||    48

Table legend:
 A = Non-vault XP
 B = Vault XP
 C = Vault XP percentage of total XP
 D = Non-vault monster count
 E = Vault monster count
 F = Vault count percentage of total count
                 A         B        C        D         E       F
            +---------+---------+-------+---------+---------+-------
      Total |     152 |       3 |   1.9 |      47 |       2 |   4.1
            +---------+---------+-------+---------+---------+-------
        D:1 |      39 |       0 |   0.0 |      21 |       0 |   0.0
        D:2 |      38 |       3 |   7.3 |      17 |       2 |  10.5
        D:3 |      75 |       0 |   0.0 |       9 |       0 |   0.0
            +---------+---------+-------+---------+---------+-------
